 Dungeon Crawl Stone Soup version 0.30-a0-1112-gfb780f5df6 (webtiles) character file.

Game seed: 19234027496174186

109 123456 the Trooper (level 4, -1/41 HPs)
             Began as a Minotaur Fighter on Apr 19, 2023.
             Slain by an orc wizard
             ... wielding a +0 dagger
              (2 damage)
             ... on level 2 of the Dungeon.
             The game lasted 00:01:50 (1775 turns).

123456 the Trooper (Minotaur Fighter)               Turns: 1775, Time: 00:01:50

Health: -1/41      AC:  1    Str: 22    XL:     4   Next: 60%
Magic:  3/3        EV: 11    Int:  5    God:
Gold:   178        SH:  4    Dex: 10    Spells: 3/3 levels left

rFire   . . .      SeeInvis .    a - +0 flail
rCold   . . .      Faith    .    c - +0 buckler
rNeg    . . .      Spirit   .    (no body armour)
rPois   .          Reflect  .    (helmet restricted)
rElec   .          Rampage  .    (no cloak)
rCorr   .                        f - +0 pair of gloves
Will    .....                    (no boots)
Stlth   +                        (no amulet)
HPRegen 0.26/turn                (no ring)
MPRegen 0.08/turn                (no ring)

@: no status effects
A: horns 2, retaliatory headbutt
a: no special abilities


You were on level 2 of the Dungeon.
You visited 1 branch of the dungeon, and saw 4 of its levels.

You collected 178 gold pieces.

Inventory:

Hand Weapons
 a - a +0 flail (weapon)
Armour
 c - a +0 buckler (worn)
 f - a +0 pair of gloves (worn)
 h - a +0 chain mail
Scrolls
 e - 3 scrolls of identify {unknown}
 g - 2 scrolls of teleportation {unknown}
 i - a scroll of magic mapping {unknown}
 j - a scroll of poison {unknown}
 k - a scroll of summoning {unknown}
 l - a scroll of amnesia {unknown}
Potions
 b - a potion of degeneration {unknown}
 d - a potion of might
 m - a potion of lignification {unknown}
 n - 2 potions of attraction {unknown}


   Skills:
 * Level 4.8 Fighting
 * Level 4.0 Maces & Flails
 + Level 4.2 Armour
 + Level 1.5 Dodging
 - Level 3.6 Shields


You had 3 spell levels left.
You didn't know any spells.
Your spell library contained the following spells:

 Spells                   Type           Power      Damage    Failure   Level
 Ozocubu's Armour         Ice            0%         N/A       91%         3
 Ozocubu's Refrigeration  Ice            0%         4d7       100%        7


Dungeon Overview and Level Annotations

Branches:
Dungeon (4/15)
 Temple: D:4-7

Altars:


Innate Abilities, Weirdness & Mutations

You have a pair of horns on your head.
You reflexively headbutt those who attack you in melee.


Message History

You are too injured to fight recklessly!
You are too injured to fight recklessly!
You are too injured to fight recklessly!
You are too injured to fight recklessly!
You are too injured to fight recklessly!
You hear some strange, mumbled words.
Something tries to affect you, but you resist.
There is a stone staircase leading up here.
Something hits you. You block the orc's attack.
You climb upwards.
Reactivating autopickup.
There is a stone staircase leading down here.
Unknown command.
You barely miss the orc. Your headbutt misses the orc.
The orc is almost dead.
The orc barely misses you. Something hits you.
Deactivating autopickup; reactivate with Ctrl-A.
The orc closely misses you. Something hits you.
You hit the orc.
You kill the orc!
You block something's attack. Something hits you.
* * * LOW HITPOINT WARNING * * *
You hear some strange, mumbled words.
Something tries to affect you, but you resist.
Things that are here:
a +0 hand axe; 4 gold pieces; an orc corpse Something hits you.
* * * LOW HITPOINT WARNING * * *
You miss something. Something hits you.
* * * LOW HITPOINT WARNING * * *
You miss something.
You hear some strange, mumbled words.
Something tries to affect you, but you resist.
You hit something. Something hits you.
* * * LOW HITPOINT WARNING * * *
You hit something. Your headbutt misses something. Something hits you.
* * * LOW HITPOINT WARNING * * *
Something hits you.
You die...

#.# #..........#...### #.#
#.....####[#...# #.#
#.....####.###.# #.####
###.....##.....# .....#
####.#.##..#### #.##.#
##.##.#.##..###
#.##.###.#.#.......#.####
#.......###.##.###......#########
####.#.##.....>{@..###..##.......
.....#..#...#####..####.##.###...
######.#...## #.#.#.....†.......
#.....## ##..#.##.##.###...
####...# ##..^...##.###... #...#
##...####......# #...#
##....######### ## #...# ####(#
.#### #...# #.#


There were no monsters in sight!

Vanquished Creatures
  3 adders (D:2)
  2 worms
  4 dart slugs
  2 orcs
  8 ball pythons
  3 endoplasms
  2 giant cockroaches
  5 goblins (D:1)
  6 hobgoblins
  3 quokkas
  9 bats
  6 frilled lizards
  7 kobolds
  6 rats
66 creatures vanquished.

Notes
Turn   | Place    | Note
-------+----------+-------------------------------------------
     0 | D:1      | 123456 the Minotaur Fighter began the quest for the Orb.
     0 | D:1      | Reached XP level 1. HP: 19/19 MP: 0/0
   169 | D:1      | Reached XP level 2. HP: 26/27 MP: 1/1
   470 | D:1      | Reached skill level 1 in Dodging
   485 | D:1      | Reached XP level 3. HP: 33/33 MP: 2/2
  1104 | D:2      | Reached XP level 4. HP: 39/41 MP: 3/3
  1272 | D:2      | You fall into a shaft and drop 2 floors!
  1775 | D:2      | HP: 1/41 [something (2)]
  1775 | D:2      | Slain by an orc wizard

Illustrated notes

Levels and vault maps discovered:
D:1:      dpeg_arrival_subterranean_lakeside_camping, layout_loops_ring,
          minmay_tromino_v2
D:2:      layout_loops_cross, st_stairs_3
D:3:      layout_loops_ring, mainiacjoe_overflow_alcove_1, serial_shops, shop
D:4:      layout_basic, minmay_temple_entry_glassed_door, ebering_ghost_sewer_d,
          abandoned_shop, uniq_blork_the_orc, uniq_edmund

Skill      XL: |  1  2  3  4 |
---------------+-------------+-----
Maces & Flails | 3 4 |  4.0
Fighting       | 4 |  4.8
Dodging        | 1 |  1.5
Armour         | 4 |  4.2
Shields        | |  3.6

Action                     |  1- 3 |  4- 6 || total
---------------------------+-------+-------++-------
  Melee: Flail             |    86 |    38 ||   124
         Headbutt          |    11 |     4 ||    15
 Armour: Scale mail        |     8 |       ||     8
         Skin              |     5 |     1 ||     6
  Dodge: Dodged            |    40 |    21 ||    61
  Block: Buckler           |    18 |    11 ||    29

Table legend: (Time is in decaauts)
 A = Elapsed time spent in this place.
 B = Non-inter-level travel time spent in this place.
 C = Inter-level travel time spent in this place.
 D = Time resting spent in this place.
 E = Time spent auto-exploring this place.
 F = Levels seen in this place.
 G = Mean time per level.
                   A        B        C        D        E       F      G
               +--------+--------+--------+--------+--------+-----+--------+
         Total |   1810 |   1750 |     60 |      0 |   1384 |   4 |  452.5 |
       Dungeon |   1810 |   1750 |     60 |      0 |   1384 |   4 |  452.5 |
               +--------+--------+--------+--------+--------+-----+--------+

Top non-repeatable levels by time:
     D:1: 897 daAuts
     D:2: 791 daAuts
     D:3: 117 daAuts
     D:4: 3 daAuts
